 Dungeon Crawl Stone Soup version 0.26-a0-651-gb41185065b (webtiles) character file.

Game seed: 12276742104846311583

6788 Irenicus the Geomancer (level 10, 0/75 HPs)
             Began as a Deep Dwarf Earth Elementalist on Oct 14, 2020.
             Was a Priest of Makhleb.
             Killed from afar by an orc wizard (4 damage)
             ... with a magic dart
             ... on level 9 of the Dungeon.
             The game lasted 00:35:35 (5138 turns).

Irenicus the Geomancer (DDEE)                       Turns: 5138, Time: 00:35:36

Health: 0/75       AC:  7    Str: 11    XL:     10   Next: 76%
Magic:  1/25       EV:  8    Int: 20    God:    Makhleb [***...]
Gold:   432        SH:  0    Dex: 13    Spells: 20/31 levels left

rFire    + . .     SeeInvis .   z - staff of earth
rCold    + . .     Faith    .   (no shield)
rNeg     . . .     Spirit   .   q - +2 leather armour {rF+}
rPois    .         Reflect  .   (no helmet)
rElec    .         Harm     .   d - +0 cloak
rCorr    .         Rampage  .   (no gloves)
MR       +....                  v - +0 pair of boots
Stlth    ++........             (no amulet)
HPRegen  0.00/turn              s - -4 ring of evasion (curse)
MPRegen  0.19/turn              A - ring of protection from cold {rC+, !d}

@: non-regenerating
A: damage resistance, heal wounds, sense surroundings 2, no regeneration
a: Heal Wounds, Minor Destruction, Lesser Servant of Makhleb, Renounce Religion


You were on level 9 of the Dungeon.
You worshipped Makhleb.
Makhleb was most pleased with you.
You visited 2 branches of the dungeon, and saw 11 of its levels.

You collected 702 gold pieces.
You spent 270 gold pieces at shops.

Inventory:

Hand Weapons
 e - a +0 dagger
   (You took it off a kobold on level 1 of the Dungeon)
Missiles
 b - 14 stones (quivered)
 C - 5 curare-tipped darts
Armour
 d - a +0 cloak (worn)
   (You took it off Crazy Yiuf on level 3 of the Dungeon)
 k - a +0 ring mail
   (You found it on level 2 of the Dungeon)
 q - a +2 leather armour of fire resistance (worn)
   (You found it on level 3 of the Dungeon)
 r - a scarf of invisibility
   (You found it on level 4 of the Dungeon)
 v - a +0 pair of boots (worn)
   (You found it on level 4 of the Dungeon)
Magical Staves
 j - an uncursed staff of conjuration {!a}
   (You found it on level 6 of the Dungeon)
 x - an uncursed staff of fire {rF+}
   (You found it on level 5 of the Dungeon)
 z - an uncursed staff of earth (weapon)
   (You acquired it on level 8 of the Dungeon)
Jewellery
 l - an uncursed ring of protection from fire {rF+, !d}
   (You took it off a goblin on level 2 of the Dungeon)
 s - a cursed -4 ring of evasion (left hand)
   (You found it on level 7 of the Dungeon)
 t - a +4 ring of evasion
   (You found it on level 4 of the Dungeon)
 w - an uncursed ring of positive energy {rN+}
   (You found it on level 5 of the Dungeon)
 A - a ring of protection from cold (right hand) {rC+, !d}
   (You bought it in a shop on level 8 of the Dungeon)
 B - an uncursed ring of stealth {Stlth+}
   (You bought it in a shop on level 8 of the Dungeon)
Wands
 o - a wand of digging (4)
   (You found it on level 7 of the Dungeon)
Scrolls
 a - 3 scrolls of teleportation
 f - 2 scrolls of remove curse
 g - 5 scrolls of identify
 i - a scroll of noise {unknown}
 y - a scroll of amnesia {unknown}
Potions
 c - a potion of brilliance
 h - a potion of haste
 m - 2 potions of stabbing
 n - 5 potions of curing
 p - 2 potions of flight
 u - a potion of mutation {!q}


   Skills:
 - Level 2.1 Dodging
 - Level 2.4 Stealth
 + Level 11.1 Spellcasting
 - Level 0.8 Transmutations
 - Level 13.2 Earth Magic


You had 20 spell levels left.
You knew the following spells:

 Your Spells              Type           Power        Failure   Level
a - Sandblast             Erth           ######       1%          1
w - Passwall              Tmut/Erth      ######..     1%          2
x - Stone Arrow           Conj/Erth      ######       1%          3
z - Lee's Rapid Deconstr  Erth           #######...   1%          5

Your spell library contained the following spells:

 Spells                   Type           Power        Failure   Level
 Petrify                  Tmut/Erth      ######..     4%          4
 Confusing Touch          Hex            ##......     24%         3
 Gell's Gravitas          Tloc           ##........   24%         3
 Yara's Violent Unravell  Hex/Tmut       ##........   88%         5
 Metabolic Englaciation   Hex/Ice        ##........   92%         5


Dungeon Overview and Level Annotations

Branches:
Dungeon (10/15)            Temple (1/1) D:6
   Lair: D:8-11         Orc: D:9-12

Altars:
Ashenzari
Cheibriados
Dithmenos
Elyvilon
Fedhas
Gozag
Hepliaklqana
Kikubaaqudgha
Makhleb
Nemelex Xobeh
Okawaru
Qazlal
Ru
Sif Muna
Trog
Uskayaw
Vehumet
Wu Jian
Xom
Yredelemnul
Zin
The Shining One
Beogh

Shops:
D:8 *

Annotations:
D:8 3 runed translucent doors, loralnil's ghost, novice OpEE


Innate Abilities, Weirdness & Mutations

You are resistant to damage.
You can heal yourself by infusing magical energy.
You passively map the area around you.
You do not regenerate.


Message History

b - 16 stones The orc wizard mumbles some strange words.
The orc wizard blinks!
The orc warrior hits you but does no damage.
You now have 0/25 mp.
You feel much better.
You regained 22 hp, and now have 34/112 hp.
You hit the orc warrior but do no damage.
The orc warrior is lightly wounded.
The orc warrior hits you with a +0 dire flail.
* * * LOW HITPOINT WARNING * * *
The orc warrior hits you with a +0 dire flail.
* * * LOW HITPOINT WARNING * * *
You take 4 damage, and have 30/112 hp.
Evoke which item? (* to show all) (? for menu, Esc to quit)
Okay, then.
Okay, then.
You barely miss the orc warrior.
The orc warrior is lightly wounded.
The orc warrior hits you but does no damage.
You barely miss the orc warrior.
The orc warrior is lightly wounded.
The orc wizard casts a spell.
The orc wizard blinks!
The orc warrior hits you with a +0 dire flail.
* * * LOW HITPOINT WARNING * * *
Your magical contamination has completely faded away.
You take 2 damage, and have 28/112 hp.
Casting: Sandblast (safe; 1% risk of failure)
Confirm with . or Enter, or press ? or * to list all spells.
Aiming: Sandblast (safe; 1% risk of failure)
Press: ? - help, Shift-Dir - straight line, f/p - orc warrior
Aim: an orc warrior, wielding a +0 dire flail, wearing a +0 plate armour and wearing an uncursed amulet of guardian spirit (lightly wounded)
You feel a surge of power!
The blast of sand hits the orc warrior!
The orc warrior is heavily wounded.
b - 15 stones The orc warrior hits you with a +0 dire flail!
* * * LOW HITPOINT WARNING * * *
You take 8 damage, and have 20/112 hp.
You now have 0/25 mp.
You completely miss the orc warrior.
The orc warrior is heavily wounded.
Your transformation is almost over.
The orc wizard gestures wildly while chanting.
The orc wizard blinks!
The orc warrior hits you but does no damage.
You hit the orc warrior but do no damage.
The orc warrior is heavily wounded.
The orc warrior hits you but does no damage.
The wight hits you but does no damage.
Press: ? - help, v - describe, . - travel
Here: a wight, wielding a +3 morningstar and wearing a +0 robe The floor.
You closely miss the wight.
The orc warrior hits you with a +0 dire flail!
* * * LOW HITPOINT WARNING * * *
The wight hits you but does no damage.
You take 8 damage, and have 12/112 hp.
Casting: Sandblast (safe; 1% risk of failure)
Confirm with . or Enter, or press ? or * to list all spells.
Press: ? - help, Shift-Dir - straight line, f - wight, p - orc warrior
Aim: a wight, wielding a +3 morningstar and wearing a +0 robe You feel a surge of power!
The blast of sand hits the wight!!
You destroy the wight!
Makhleb accepts your kill.
You feel better.
b - 14 stones The orc wizard casts a spell at you.
You resist with almost no effort.
You regained 3 hp, and now have 15/112 hp.
You now have 0/25 mp.
You hit the orc warrior but do no damage.
The orc warrior is heavily wounded.
The orc warrior hits you with a +0 dire flail!
* * * LOW HITPOINT WARNING * * *
You take 11 damage, and have 4/112 hp.
You feel better.
The orc warrior hits you with a +0 dire flail.
* * * LOW HITPOINT WARNING * * *
The orc wizard gestures wildly while chanting.
The orc wizard blinks!
You regained 6 hp, and now have 10/112 hp.
You feel much better.
The orc warrior hits you but does no damage.
You regained 25 hp, and now have 35/112 hp.
You hit the orc warrior but do no damage.
The orc warrior is heavily wounded.
You feel less wooden.
Your +0 cloak unmelds from your body.
Your +0 pair of boots unmelds from your body.
Your +2 leather armour of fire resistance unmelds from your body.
You feel resistant to fire.
The orc wizard hits you but does no damage.
The orc warrior hits you with a +0 dire flail.
* * * LOW HITPOINT WARNING * * *
You now have 22/75 hp.
The orc warrior hits you with a +0 dire flail!!
* * * LOW HITPOINT WARNING * * *
The orc wizard gestures at you while chanting.
The magic dart hits you.
You die...

##..........o>.#.#
...###.........#.#
....#.....)....#.#
.#..#..#.......#.# #
.#######.......#.# #
.#..#..#)....###.# ##
....#......[...#.# #†
)..###.........o.## ##.
##)..)..###...o.@.# #..
#..).....#.....##.#############.#
#..#..#..#..#...#...............#
####..#######...#################
#..#..#..#..#...#
#........#......######
##......###......#...##
...###................#*
....#..................*


You could see an orc warrior and an orc wizard.

Vanquished Creatures
  A two-headed ogre (D:9)
  Pikel (D:7)
  A deep elf mage (D:9)
  2 trolls (D:9)
  A slime creature (D:9)
  A hippogriff (D:8)
  2 yaks
  A wyvern (D:9)
  A water moccasin (D:8)
  2 orc warriors
  A phantom (D:9)
  A boggart (D:9)
  An ice beast (D:8)
  8 ogres
  2 centaurs
  A wyvern zombie (D:9)
  A wyvern skeleton (D:9)
  A water moccasin skeleton (D:8)
  2 scorpions
  13 killer bees
  4 wights
  3 howler monkeys
  7 orc priests
  A quasit (D:9)
  4 hounds
  4 jellies
  2 centaur skeletons
  Crazy Yiuf (D:3)
  11 orc wizards
  Ijyb (D:4)
  3 iguanas
  6 worker ants
  3 hound skeletons
  3 worker ant zombies
  A gnoll (D:1)
  11 adders
  2 shadow imps
  3 white imps (D:9)
  An ufetubus (D:9)
  10 oozes
  2 adder skeletons
  2 worms (D:2)
  3 dart slugs
  9 leopard geckos
  14 orcs
  2 ball pythons
  8 giant cockroaches
  8 goblins
  8 hobgoblins
  7 jackals
  8 quokkas
  7 bats
  6 frilled lizards
  A jackal skeleton (D:4)
  A jackal zombie (D:6)
  18 kobolds
  2 quokka skeletons (D:4)
  8 rats
239 creatures vanquished.

Vanquished Creatures (others)
  7 fungi (D:2)
  2 plants (D:1)
  10 toadstools (D:2)
19 creatures vanquished.

Grand Total: 258 creatures vanquished

Notes
Turn   | Place    | Note
-------+----------+-------------------------------------------
     0 | D:1      | Irenicus the Deep Dwarf Earth Elementalist began the quest
                  | for the Orb.
     0 | D:1      | Reached XP level 1. HP: 15/15 MP: 3/3
    87 | D:1      | Reached XP level 2. HP: 22/22 MP: 0/4
   106 | D:1      | Reached skill level 5 in Earth Magic
   238 | D:1      | Reached XP level 3. HP: 19/28 MP: 0/5
   418 | D:1      | Reached skill level 6 in Earth Magic
   506 | D:2      | Reached XP level 4. HP: 19/36 MP: 1/6
   625 | D:2      | Found a shadowy altar of Dithmenos.
   681 | D:2      | Found a sacrificial altar of Ru.
   747 | D:2      | Reached skill level 7 in Earth Magic
   804 | D:2      | HP: 8/36 [adder (2)]
   813 | D:2      | HP: 6/36 [adder (2)]
   867 | D:2      | HP: 3/36 [acid (9)]
   870 | D:2      | Reached XP level 5. HP: 3/42 MP: 1/7
   934 | D:2      | Found an iron altar of Okawaru.
  1067 | D:2      | Reached skill level 8 in Earth Magic
  1265 | D:3      | HP: 10/42 [adder (1)]
  1324 | D:3      | Learned a level 2 spell: Passwall
  1421 | D:3      | You fall into a shaft and drop 3 floors!
  1439 | D:6      | Noticed a human
  1440 | D:6      | Found a runed translucent door.
  1466 | D:5      | Entered Level 5 of the Dungeon
  1471 | D:5      | Reached skill level 9 in Earth Magic
  1471 | D:5      | Reached XP level 6. HP: 29/49 MP: 3/8
  1547 | D:4      | Reached skill level 10 in Earth Magic
  1576 | D:4      | Reached XP level 7. HP: 32/55 MP: 6/9
  1604 | D:4      | Reached skill level 11 in Earth Magic
  1867 | D:3      | Found a runed translucent door.
  1868 | D:3      | Noticed Crazy Yiuf
  1872 | D:3      | Killed Crazy Yiuf
  1962 | D:4      | Noticed Ijyb
  1965 | D:4      | Killed Ijyb
  2362 | D:5      | Reached skill level 12 in Earth Magic
  2666 | D:5      | Reached XP level 8. HP: 31/62 MP: 7/10
  2865 | D:6      | Found a staircase to the Ecumenical Temple.
  2871 | Temple   | Entered the Ecumenical Temple
  2912 | Temple   | Became a worshipper of Makhleb the Destroyer
  3158 | D:6      | HP: 7/62 [orc priest/divine providence (14)]
  3160 | D:6      | Reached skill level 13 in Earth Magic
  3168 | D:6      | Learned a level 3 spell: Stone Arrow
  3218 | D:6      | Found a basalt altar of Yredelemnul.
  3377 | D:7      | Found a stormy altar of Qazlal.
  3426 | D:7      | Noticed Pikel
  3434 | D:7      | Killed Pikel
  3434 | D:7      | Reached skill level 4 in Spellcasting
  3440 | D:7      | Found a snail-covered altar of Cheibriados.
  3445 | D:7      | Noticed a +0 dagger
  3446 | D:7      | Noticed a +0 hand axe
  3451 | D:7      | Found a hide-covered altar of Uskayaw.
  3458 | D:7      | Found a sparkling altar of Nemelex Xobeh.
  3458 | D:7      | Found an opulent altar of Gozag.
  3489 | D:7      | Found a bloodstained altar of Trog.
  3611 | D:7      | Found a broken altar of Ashenzari.
  3683 | D:7      | Reached skill level 5 in Spellcasting
  3689 | D:7      | Reached * piety under Makhleb
  3756 | D:7      | Gained mutation: You passively map the area around you.
                  | [Deep Dwarf growth]
  3756 | D:7      | Reached XP level 9. HP: 21/68 MP: 6/16
  3756 | D:7      | HP: 16/68 [killer bee (5)]
  3823 | D:8      | Found a runed translucent gate.
  3824 | D:8      | Found a runed translucent gate.
  3824 | D:8      | Found a runed translucent gate.
  3824 | D:8      | Noticed loralnil's ghost (novice OpEE)
  3825 | D:8      | Identified the +6 war axe of Painful Death {holy, rElec rC-
                  | Dex+9}
  3825 | D:8      | Identified the +1 chain mail "Koagiaga" {rElec rPois rF+
                  | Int-2}
  3830 | D:8      | Found a roughly hewn altar of Beogh.
  3991 | D:8      | Reached skill level 6 in Spellcasting
  4034 | D:8      | Found a broken altar of Ashenzari.
  4089 | D:8      | Identified a scroll of acquirement
  4089 | D:8      | Acquired an uncursed staff of earth
  4107 | D:8      | Reached skill level 7 in Spellcasting
  4165 | D:8      | Found Soromp's Assorted Antiques.
  4179 | D:8      | Bought a runed sapphire ring for 135 gold pieces
  4179 | D:8      | Bought an encrusted cabochon ring for 135 gold pieces
  4247 | D:8      | HP: 16/68 [orc warrior/+0 war axe (8)]
  4281 | D:8      | Found a glowing silver altar of Zin.
  4284 | D:8      | Found a hazy altar of Hepliaklqana.
  4307 | D:8      | Found a basalt altar of Yredelemnul.
  4315 | D:8      | Reached skill level 8 in Spellcasting
  4324 | D:8      | Reached ** piety under Makhleb
  4564 | D:9      | Noticed a two-headed ogre
  4573 | D:9      | Killed a two-headed ogre
  4573 | D:9      | Reached skill level 9 in Spellcasting
  4573 | D:9      | Reached XP level 10. HP: 49/75 MP: 1/23
  4640 | D:9      | Found a white marble altar of Elyvilon.
  4780 | D:9      | Reached skill level 10 in Spellcasting
  4790 | D:9      | Learned a level 5 spell: Lee's Rapid Deconstruction
  4821 | D:9      | You fall into a shaft and drop 1 floor!
  4821 | D:10     | Entered Level 10 of the Dungeon
  4953 | D:9      | Noticed a deep elf mage
  4958 | D:9      | Killed a deep elf mage
  5067 | D:9      | Reached *** piety under Makhleb
  5069 | D:9      | Reached skill level 11 in Spellcasting
  5116 | D:9      | HP: 18/75 [orc warrior/+0 dire flail (18)]
  5121 | D:9      | HP: 20/112 [orc warrior/+0 dire flail (3)]
  5127 | D:9      | HP: 28/112 [orc warrior/+0 dire flail (2)]
  5131 | D:9      | HP: 12/112 [orc warrior/+0 dire flail (8)]
  5133 | D:9      | HP: 4/112 [orc warrior/+0 dire flail (11)]
  5138 | D:9      | HP: 4/75 [orc warrior/+0 dire flail (18)]
  5138 | D:9      | Killed from afar by an orc wizard

Illustrated notes

Levels and vault maps discovered:
D:1:      eino_arrival_druids_welcome, layout_rooms, hangedman_decor_riveting
D:2:      cheibrodos_fertilizer, layout_basic, okawaru_trees_1,
          nicolae_dithmenos_shadow_blocks, nicolae_ru_path_of_blood,
          minmay_tripent
D:3:      layout_basic, chequers_mini_garden, uniq_crazy_yiuf_cottage
D:4:      minmay_inner_zag, layout_basic, uniq_ijyb
D:5:      layout_loops_ring, chequers_serial_rivers_small_3
D:6:      layout_rooms, minmay_temple_entry_fiery, roderic_lattice_a,
          dk_yredelemnul_ordeal
D:7:      layout_basic, grunt_temple_overflow_opulence,
          nicolae_qazlal_eye_of_the_storm, ashenzari_altar_1,
          overflow_temple_1_default, dancing_weapons_uskayaw,
          cheibriados_altar_1, uniq_pikel
D:8:      layout_basic, grunt_temple_overflow_open, biasface_ghost_orc_armoury,
          serial_shops, nicolae_shop_crystal, basic_altar,
          minmay_alternating_orb
D:9:      hangedman_cross_cluster, layout_rooms, elyvilon_altar_3
D:10:     layout_loops_ring, kennysheep_orc_monster_closet_entryway,
          minivault_16, chequers_serial_rivers_micro_c
Temple:   cyrus_temple_forest

Skill      XL: |  1  2  3  4  5  6  7  8  9 10 |
---------------+-------------------------------+-----
Earth Magic    | 5 6 7 9 10 12 13 | 13.2
Spellcasting   | 5 9 11 | 11.1
Dodging        | |  2.1
Stealth        | |  2.4
Transmutations | |  0.8

Action                   |  1- 3 |  4- 6 |  7- 9 | 10-12 || total
-------------------------+-------+-------+-------+-------++-------
Melee: Dagger            |    33 |    34 |     2 |       ||    69
       Staff             |       |       |    12 |    31 ||    43
 Cast: Sandblast         |    41 |    75 |   153 |    63 ||   332
       Passwall          |       |     1 |    37 |     2 ||    40
       Stone Arrow       |       |       |    29 |    11 ||    40
       Lee's Rapid Decon |       |       |       |     1 ||     1
 Abil: Heal Wounds       |       |       |       |     1 ||     1
  Use: Potion            |       |     5 |     2 |     3 ||    10
       Scroll            |       |     1 |    13 |       ||    14
 Stab: Sleeping          |     1 |       |       |       ||     1
Armor: Leather armour    |    14 |    14 |    17 |    18 ||    63
       Skin              |       |       |       |     7 ||     7
Dodge: Dodged            |    42 |    53 |    69 |    18 ||   182

Table legend: (Time is in decaauts)
 A = Elapsed time spent in this place.
 B = Non-inter-level travel time spent in this place.
 C = Inter-level travel time spent in this place.
 D = Time resting spent in this place.
 E = Time spent auto-exploring this place.
 F = Levels seen in this place.
 G = Mean time per level.
                   A        B        C        D        E       F      G
               +--------+--------+--------+--------+--------+-----+--------+
         Total |   5135 |   5135 |      0 |      0 |      0 |  11 |  466.8 |
       Dungeon |   5058 |   5058 |      0 |      0 |      0 |  10 |  505.8 |
        Temple |     76 |     76 |      0 |      0 |      0 |   1 |   76.0 |
               +--------+--------+--------+--------+--------+-----+--------+

Top non-repeatable levels by time:
     D:2: 791 daAuts
     D:8: 660 daAuts
     D:9: 647 daAuts
     D:7: 537 daAuts
     D:4: 525 daAuts
     D:5: 516 daAuts
     D:6: 501 daAuts
     D:1: 453 daAuts
     D:3: 378 daAuts
  Temple: 76 daAuts
    D:10: 46 daAuts

Table legend:
 A = Kills in this place as a percentage of kills in entire the game.
 B = Kills by you in this place as a percentage of kills by you in the entire game.
 C = Kills by friends in this place as a percentage of kills by friends in the entire game.
 D = Other kills in this place as a percentage of other kills in the entire game.
 E = Experience gained in this place as a percentage of experience gained in the entire game.
 F = Experience gained in this place divided by the number of levels of this place that you have seen.
                   A       B       C       D       E      F
               +-------+-------+-------+-------+-------+----------------------
         Total | 100.0 | 100.0 |   N/A |   N/A | 100.0 | 881.6
       Dungeon | 100.0 | 100.0 |   N/A |   N/A | 100.0 | 969.8
               +-------+-------+-------+-------+-------+----------------------
